 Dungeon Crawl Stone Soup version 0.24-a0-341-g52ca42d3ec (webtiles) character file.

Game seed: 2181871587482868441

5074 MisterFreud the Grappler (level 10, -5/87 (88) HPs)
             Began as a Troll Fighter on May 20, 2019.
             Was a High Priest of Okawaru.
             Slain by a black mamba (15 damage)
             ... on level 1 of the Lair of Beasts.
             The game lasted 00:12:56 (7094 turns).

MisterFreud the Grappler (Troll Fighter)            Turns: 7094, Time: 00:12:57

HP:   -5/87 (88)    AC:  6    Str: 28    XL:     10   Next: 31%
MP:   11/13         EV: 14    Int:  5    God:    Okawaru [*****.]
Gold: 638           SH: 12    Dex:  9    Spells: 9/9 levels left

rFire    + . .     SeeInvis .     - Unarmed
rCold    + . .     Gourm    +   b - +1 shield
rNeg     . . .     Faith    .   B - +0 robe {rF+}
rPois    .         Spirit   .   (helmet restricted)
rElec    .         Reflect  .   (no cloak)
rCorr    .         Harm     .   (gloves unavailable)
MR       .....                  (boots unavailable)
Stlth    +++.......             s - amulet of rage
HPRegen  0.64/turn              J - ring of protection from cold
MPRegen  0.13/turn              (no ring)

@: lethally poisoned (-5 -> -21), heroism
A: large, unfitting armour, claws 3, fast metabolism 3, gourmand, regeneration
1, shaggy fur 1, tough skin 3
a: Heroism, Finesse, Renounce Religion, Evoke Berserk Rage


You were on level 1 of the Lair of Beasts.
You worshipped Okawaru.
Okawaru was extremely pleased with you.
You were completely stuffed.

You visited 2 branches of the dungeon, and saw 11 of its levels.

You collected 638 gold pieces.

Inventory:

Missiles
 h - 3 throwing nets (quivered)
 i - 294 stones
 k - 22 boomerangs
 w - 8 large rocks
 G - 2 silver boomerangs
Armour
 a - a +0 robe
 b - a +1 shield (worn)
 B - a +0 robe of fire resistance (worn)
Jewellery
 e - an uncursed amulet of magic regeneration
 s - an amulet of rage (around neck)
 J - a ring of protection from cold (left claw)
 M - a cursed ring of teleportation {unknown}
Wands
 x - a wand of clouds (6)
 H - a wand of random effects (24)
 K - a wand of paralysis (11)
 L - a wand of disintegration (16)
Scrolls
 f - 6 scrolls of remove curse
 g - 2 scrolls of blinking
 j - a scroll of fear
 l - 3 scrolls of teleportation
 n - 3 scrolls of magic mapping
 v - a scroll of immolation {unknown}
 y - 3 scrolls of amnesia {unknown}
 A - 2 scrolls of noise {unknown}
 C - 2 scrolls of fog
 D - a scroll of identify
 I - a scroll of enchant armour
Potions
 c - 3 potions of might
 m - 3 potions of cancellation
 o - a potion of resistance
 p - 2 potions of flight
 q - a potion of mutation
 r - a potion of lignification {unknown}
 t - 2 potions of brilliance {unknown}
 u - 2 potions of degeneration {unknown}
 z - a potion of heal wounds {unknown}
 E - a potion of curing
 F - a potion of invisibility {unknown}
 N - 2 potions of ambrosia {unknown}
 O - a potion of berserk rage {unknown}
Comestibles
 d - 16 rations


   Skills:
 - Level 2.4(7.4) Fighting
 + Level 5.0(10.0) Throwing
 - Level 6.1(11.1) Dodging
 - Level 4.0(9.0) Shields
 + Level 9.9(14.9) Unarmed Combat
 - Level 6.2 Invocations


You had 9 spell levels left.
You didn't know any spells.
Your spell library contained the following spells:

 Spells                   Type           Power        Failure   Level  Hunger
 Animate Skeleton         Necr           N/A          47%         1    ##.....
 Confusing Touch          Hex            #.....       47%         1    ##.....
 Corona                   Hex            #......      47%         1    ##.....
 Pain                     Necr           #...         47%         1    ##.....
 Sting                    Conj/Pois      #...         47%         1    ##.....
 Ensorcelled Hibernation  Hex/Ice        #.....       63%         2    ###....
 Poisonous Vapours        Pois/Air       #.....       63%         2    ###....
 Confuse                  Hex            #.......     85%         3    ####...
 Dazzling Spray           Conj/Hex       #.....       85%         3    ####...
 Gell's Gravitas          Tloc           #.........   85%         3    ####...
 Mephitic Cloud           Conj/Pois/Air  #.......     85%         3    ####...
 Regeneration             Chrm/Necr      #.........   85%         3    ####...
 Tukima's Dance           Hex            #.......     85%         3    ####...
 Vampiric Draining        Necr           #.........   85%         3    ####...
 Animate Dead             Necr           N/A          99%         4    #####..
 Olgreb's Toxic Radiance  Pois           #.......     99%         4    #####..
 Petrify                  Tmut/Erth      #.......     99%         4    #####..
 Metabolic Englaciation   Hex/Ice        #.........   100%        5    ######.
 Venom Bolt               Conj/Pois      #.........   100%        5    ######.
 Yara's Violent Unravell  Hex/Tmut       #.........   100%        5    ######.


Dungeon Overview and Level Annotations

Branches:
Dungeon (10/15)            Temple (0/1) D:7            Lair (1/6) D:10
    Orc: D:9-12

Altars:
Kikubaaqudgha
Nemelex Xobeh
Okawaru
Sif Muna
Vehumet
Wu Jian
Yredelemnul
Zin
The Shining One

Shops:
D:5 :   D:7 (

Annotations:
D:7 2 transporters, Ratty's ghost, novice OpFE
D:10 Nergalle; Psyche


Innate Abilities, Weirdness & Mutations

You are too large for most types of armour.
You have claws for hands.
Your metabolism is lightning-fast.
You like to eat raw meat.
Your natural rate of healing is unusually fast.
You are covered in fur. (AC +1)
You have extremely tough skin. (AC +3)


Message History

You feel sick. You block the black mamba's attack.
The bullfrog hits you but does no damage.
You block the black mamba's attack.
You scratch the black mamba but do no damage.
The black mamba is severely wounded.
You feel sick. The bullfrog closely misses you. The black mamba misses you.
The bullfrog misses you.
You scratch the black mamba but do no damage.
The black mamba is severely wounded.
The black mamba bites you!
* * * LOW HITPOINT WARNING * * *
The bullfrog hits you but does no damage.
You miss the black mamba.
The black mamba is severely wounded.
You feel sick. The black mamba bites you!
* * * LOW HITPOINT WARNING * * *
You are lethally poisoned!
The black mamba poisons you! You block the bullfrog's attack.
The black mamba bites you!
You die...

##....### #......#####
#........#.##
.............P##
#..............### #####
.#...............###....#
#.................#.....##
#..................>....P#
#...........##..@S.......#
..............#.F.......#
......#P................
....#####............. ..
###...........
##.......... #..........
..##.P#####


You could see a black mamba and a bullfrog.

Vanquished Creatures
  A death yak (Lair:1)
  A hornet (D:8)
  2 hippogriffs
  3 wyverns
  A porcupine (Lair:1)
  Duvessa (D:6)
  5 orc warriors
  2 phantoms
  A black bear (D:8)
  A necrophage (D:8)
  A centaur (D:9)
  2 ogres
  A crocodile (D:8)
  A bullfrog (D:6)
  Blork the orc (D:6)
  A big kobold (D:8)
  Dowan (D:6)
  3 scorpions
  3 wights (D:8)
  A howler monkey (D:9)
  3 crimson imps
  3 quasits
  A gnoll shaman (D:5)
  4 jellies
  4 hounds
  9 orc priests
  A centaur skeleton (D:6)
  3 iguanas
  7 worker ants
  6 orc wizards
  A hound skeleton (D:9)
  2 mummies (D:8)
  9 adders
  13 gnolls
  A shadow imp (D:7)
  2 oozes
  An adder skeleton (D:5)
  5 worms
  A dart slug (D:1)
  2 leopard geckos
  45 orcs
  9 bats
  3 giant cockroaches
  3 goblins
  6 hobgoblins
  2 jackals (D:4)
  6 kobolds
  4 quokkas
  3 ball pythons
  4 frilled lizards
  A jackal zombie (D:7)
  A leopard gecko zombie (D:7)
  6 rats
204 creatures vanquished.

Vanquished Creatures (others)
  A withered plant (D:8)
1 creature vanquished.

Grand Total: 205 creatures vanquished

Notes
Turn   | Place    | Note
-------+----------+-------------------------------------------
     0 | D:1      | MisterFreud the Troll Fighter began the quest for the Orb.
     0 | D:1      | Reached XP level 1. HP: 22/22 MP: 0/0
   187 | D:1      | Reached XP level 2. HP: 29/29 MP: 1/1
   291 | D:1      | Reached skill level 3 in Unarmed Combat
   951 | D:2      | Reached XP level 3. HP: 36/36 MP: 2/2
  1287 | D:2      | Found a basalt altar of Yredelemnul.
  1664 | D:3      | Reached skill level 4 in Unarmed Combat
  1685 | D:3      | Reached XP level 4. HP: 44/44 MP: 3/3
  1846 | D:3      | Reached skill level 5 in Unarmed Combat
  1942 | D:3      | Found a sparkling altar of Nemelex Xobeh.
  1947 | D:3      | Found a radiant altar of Vehumet.
  2104 | D:4      | Reached XP level 5. HP: 50/50 MP: 4/4
  2269 | D:4      | Found an iron altar of Okawaru.
  2282 | D:4      | Became a worshipper of Warmaster Okawaru
  2395 | D:4      | Reached skill level 6 in Unarmed Combat
  2667 | D:4      | Noticed a phantom
  2694 | D:4      | Killed a phantom
  2694 | D:4      | Reached * piety under Okawaru
  2694 | D:4      | Reached XP level 6. HP: 59/59 MP: 5/5
  2881 | D:5      | Entered Level 5 of the Dungeon
  2900 | D:5      | Reached skill level 7 in Unarmed Combat
  3010 | D:5      | Found Wagoma's Book Emporium.
  3137 | D:5      | Reached XP level 7. HP: 66/66 MP: 6/6
  3292 | D:5      | Reached skill level 8 in Unarmed Combat
  3660 | D:6      | Noticed Blork the orc
  3660 | D:6      | Noticed Duvessa
  3663 | D:6      | Noticed Dowan
  3737 | D:5      | Reached skill level 1 in Invocations
  3748 | D:5      | Reached ** piety under Okawaru
  3969 | D:6      | Reached XP level 8. HP: 54/74 MP: 8/8
  4008 | D:6      | Killed Duvessa
  4010 | D:6      | Killed Dowan
  4101 | D:6      | Reached skill level 5 in Invocations
  4108 | D:6      | Reached *** piety under Okawaru
  4280 | D:6      | Found an ancient bone altar of Kikubaaqudgha.
  4328 | D:6      | Killed Blork the orc
  4479 | D:6      | Found a glowing golden altar of the Shining One.
  4504 | D:6      | Found a glowing silver altar of Zin.
  4618 | D:7      | HP: 2/74 [orc priest/nerve-wracking pain (8)]
  4824 | D:7      | Reached XP level 9. HP: 69/80 MP: 12/12
  4950 | D:7      | Found a deep blue altar of Sif Muna.
  4956 | D:7      | Noticed Ratty's ghost (novice OpFE)
  4957 | D:7      | Found a transporter.
  4957 | D:7      | Identified the +8 dire flail of the Common Good {pain,
                  | Str+5}
  4962 | D:7      | Found a transporter.
  4969 | D:7      | Found a staircase to the Ecumenical Temple.
  5144 | D:7      | Found Jazetau's Weapon Shoppe.
  5299 | D:8      | Reached skill level 5 in Dodging
  5405 | D:8      | Reached **** piety under Okawaru
  5688 | D:8      | Reached skill level 1 in Throwing
  6270 | D:9      | Reached skill level 9 in Unarmed Combat
  6414 | D:9      | Found an ornate altar of the Wu Jian Council.
  6444 | D:9      | Received a gift from Okawaru
  6444 | D:9      | Reached XP level 10. HP: 80/87 MP: 13/13
  7015 | D:10     | Entered Level 10 of the Dungeon
  7015 | D:10     | Found a staircase to the Lair.
  7015 | D:10     | Noticed a death yak
  7015 | D:10     | Noticed a death yak
  7015 | D:10     | Noticed a death yak
  7015 | D:10     | Noticed Nergalle
  7015 | D:10     | Noticed Psyche
  7018 | Lair:1   | Entered Level 1 of the Lair of Beasts
  7028 | Lair:1   | Killed a death yak
  7028 | Lair:1   | Reached ***** piety under Okawaru
  7029 | Lair:1   | Reached skill level 5 in Throwing
  7079 | Lair:1   | Noticed a black mamba
  7094 | Lair:1   | Slain by a black mamba

Levels and vault maps discovered:
D:1:      wander_arrival_chamber, layout_loops_corners
D:2:      minmay_general_purpose_star, layout_loops_ring,
          yredelemnul_altar_generic, serial_glass, glass_columns_b,
          glass_columns_b
D:3:      layout_rooms, minitemple
D:4:      layout_cave_pools, okawaru_ov_weapons_minmay, serial_column_ruins,
          column_ruins_courtyard_long, column_ruins_hut_ruined,
          column_ruins_grid_1, column_ruins_columns_straight,
          column_ruins_columns_straight, column_ruins_columns_straight,
          first_ration, hex_medium, hex_large, kennysheep_generic_room_9
D:5:      layout_loops_cross, serial_shops, shop
D:6:      layout_basic, kennysheep_mini, tso_altar, zin_treasury,
          uniq_blork_the_orc, uniq_duvessa
D:7:      layout_cave_pools, lemuel_crystal_altar,
          minmay_temple_entry_gardened_gates, serial_shops, shop,
          gammafunk_ghost_smash
D:8:      layout_loops_ring, serial_undead, serial_undead_b, serial_undead_d,
          serial_undead_c, serial_undead_f
D:9:      layout_gridville, lemuel_round_altar
D:10:     layout_basic, dpeg_lair_monsters, gammafunk_ghost_stat_death,
          uniq_nergalle, uniq_psyche
Lair:1:   layout_cave_pods

Skill      XL: |  1  2  3  4  5  6  7  8  9 10 |
---------------+-------------------------------+-----
Unarmed Combat | 3 4 5 6 7 8 9 |  9.9
Shields        | 4 |  4.0
Invocations    | 2 6 |  6.2
Dodging        | 3 6 |  6.1
Throwing       | 3 5 |  5.0
Fighting       | |  2.4

Action                   |  1- 3 |  4- 6 |  7- 9 | 10-12 || total
-------------------------+-------+-------+-------+-------++-------
Melee: Unarmed           |    90 |   163 |   399 |    60 ||   712
Invok: Heroism           |       |       |     3 |     2 ||     5
  Use: Scroll            |       |    11 |     3 |       ||    14
       Potion            |       |       |     2 |       ||     2
  Eat: Chunk             |    12 |    22 |    30 |     7 ||    71
Armor: Robe              |    29 |    51 |    69 |    11 ||   160
Dodge: Dodged            |    33 |    69 |   115 |    29 ||   246
Block: Shield            |    47 |    81 |   176 |    43 ||   347

Table legend:
 A = Non-vault XP
 B = Vault XP
 C = Vault XP percentage of total XP
 D = Non-vault monster count
 E = Vault monster count
 F = Vault count percentage of total count
                 A         B        C        D         E       F
            +---------+---------+-------+---------+---------+-------
      Total |    5844 |    1405 |  19.4 |     194 |      10 |   4.9
            +---------+---------+-------+---------+---------+-------
        D:1 |      35 |       0 |   0.0 |      20 |       0 |   0.0
        D:2 |      27 |       0 |   0.0 |       9 |       0 |   0.0
        D:3 |     106 |       0 |   0.0 |      21 |       0 |   0.0
        D:4 |     317 |      13 |   3.9 |      16 |       1 |   5.9
        D:5 |     792 |       0 |   0.0 |      35 |       0 |   0.0
        D:6 |     847 |     317 |  27.2 |      24 |       3 |  11.1
        D:7 |     638 |       0 |   0.0 |      18 |       0 |   0.0
        D:8 |    1500 |     214 |  12.5 |      22 |       5 |  18.5
        D:9 |    1437 |       0 |   0.0 |      28 |       0 |   0.0
     Lair:1 |     145 |     861 |  85.6 |       1 |       1 |  50.0
            +---------+---------+-------+---------+---------+-------
